 Dungeon Crawl Stone Soup version 0.26-a0-346-g33516b1736 (webtiles) character file.

Game seed: 13192610155192217820

130 BritishOli the Skirmisher (level 4, 0/38 HPs)
             Began as a Demonspawn Fighter on July 17, 2020.
             Slain by an adder (2 damage)
             ... on level 3 of the Dungeon.
             The game lasted 00:01:23 (2165 turns).

BritishOli the Skirmisher (Demonspawn Fighter)      Turns: 2165, Time: 00:01:24

Health: 0/38       AC:  3    Str: 18    XL:     4   Next: 89%
Magic:  4/4        EV:  7    Int:  9    God:
Gold:   112        SH:  9    Dex: 12    Spells: 3/3 levels left

rFire    . . .     SeeInvis .   a - +0 long sword
rCold    . . .     Faith    .   c - +0 kite shield
rNeg     . . .     Spirit   .   b - +0 scale mail
rPois    .         Reflect  .   (no helmet)
rElec    .         Harm     .   (no cloak)
rCorr    .                      (no gloves)
MR       .....                  (no boots)
Stlth    ..........             (no amulet)
HPRegen  0.12/turn              (no ring)
MPRegen  0.09/turn              (no ring)

@: lethally poisoned (0 -> -2), corroded
A: rugged brown scales 1, rot immunity
a: no special abilities


You were on level 3 of the Dungeon.
You visited 1 branch of the dungeon, and saw 3 of its levels.

You collected 112 gold pieces.

Inventory:

Hand Weapons
 a - a +0 long sword (weapon)
Armour
 b - a +0 scale mail (worn)
 c - a +0 kite shield (worn)
Jewellery
 h - an uncursed amulet of reflection
Scrolls
 e - a scroll of fear {unknown}
 f - a scroll of identify {unknown}
 g - 2 scrolls of teleportation {unknown}
 j - a scroll of noise {unknown}
Potions
 d - 2 potions of might
 i - a potion of stabbing {unknown}
 k - 2 potions of curing {unknown}


   Skills:
 + Level 3.8 Fighting
 + Level 2.8 Long Blades
 + Level 3.4 Armour
 + Level 3.4 Shields


You had 3 spell levels left.
You didn't know any spells.
Your spell library was empty.

Dungeon Overview and Level Annotations

Branches:
Dungeon (2/15)

Altars:
Ashenzari
Cheibriados
Hepliaklqana
Makhleb
Xom
The Shining One


Innate Abilities, Weirdness & Mutations

You are partially covered in rugged brown scales. (AC +1, +3% HP)
You are immune to rotting.


Message History

* * * LOW HITPOINT WARNING * * *
You block the adder's attack.
You hit the jelly but do no damage.
Your hands burn!
* * * LOW HITPOINT WARNING * * *
The jelly is lightly wounded.
You block the adder's attack. The jelly hits you but does no damage.
You slash the jelly!
Your hands burn!
* * * LOW HITPOINT WARNING * * *
The jelly is severely wounded.
The adder bites you but does no damage. You block the jelly's attack.
The adder bites you.
* * * LOW HITPOINT WARNING * * *
You block the jelly's attack.
Unknown command.
You slash the jelly!
You kill the jelly!
* * * LOW HITPOINT WARNING * * *
You feel sick. The adder closely misses you. The adder misses you.
The adder bites you.
You die...

. #######.# . ##.
#........ ..#..##
#.#####.# ..$....
#.#####
.#.....###.....# #
.........#..##.#.###..
.#...o)#†...##.#.....
#..[...#..oooS...#
.#.#####.#o###@### #
#.#.# #.# #.#.# #.#
#.#.. ... #.### ###
#.# #.# #.#######
#.......#


You could see an adder and 3 orcs.

Vanquished Creatures
  A jelly (D:3)
  3 adders
  An ooze (D:3)
  4 worms (D:2)
  2 dart slugs (D:2)
  An orc (D:3)
  6 goblins
  5 hobgoblins (D:1)
  2 jackals (D:1)
  13 kobolds
  5 bats
  4 frilled lizards
  A leopard gecko zombie (D:2)
  9 rats
57 creatures vanquished.

Notes
Turn   | Place    | Note
-------+----------+-------------------------------------------
     0 | D:1      | BritishOli the Demonspawn Fighter began the quest for the
                  | Orb.
     0 | D:1      | Reached XP level 1. HP: 18/18 MP: 1/1
    81 | D:1      | Gained mutation: You are partially covered in rugged brown
                  | scales. (AC +1, +3% HP) [demonic ancestry]
    81 | D:1      | Reached XP level 2. HP: 14/24 MP: 2/2
   970 | D:2      | Reached XP level 3. HP: 29/29 MP: 3/3
  1264 | D:2      | Found a snail-covered altar of Cheibriados.
  1528 | D:2      | Found a shattered altar of Ashenzari.
  1635 | D:2      | Gained mutation: You are immune to rotting. [demonic
                  | ancestry]
  1635 | D:2      | Reached XP level 4. HP: 37/37 MP: 4/4
  1872 | D:2      | Found a hazy altar of Hepliaklqana.
  1872 | D:2      | Found a shimmering altar of Xom.
  1873 | D:2      | Found a glowing golden altar of the Shining One.
  2032 | D:2      | Found a burning altar of Makhleb.
  2034 | D:2      | You fall into a shaft and drop 1 floor!
  2165 | D:3      | Slain by an adder

Illustrated notes

Levels and vault maps discovered:
D:1:      lemuel_arrival_muddy, layout_basic
D:2:      layout_basic, marbit_many_paths, cheibriados_altar_1,
          nicolae_overflow_quartered_altars
D:3:      layout_loops_ring, biasface_ghost_orc_armoury

Skill      XL: |  1  2 |
---------------+-------+-----
Long Blades    | 2 |  2.8
Armour         | 3 |  3.4
Shields        | 3 |  3.4
Fighting       | |  3.8

Action                   |  1- 3 |  4- 6 || total
-------------------------+-------+-------++-------
Melee: Long sword        |   129 |    50 ||   179
Armor: Scale mail        |    60 |    35 ||    95
Dodge: Dodged            |    51 |    30 ||    81
Block: Kite shield       |    53 |    42 ||    95
       Rpst.: Long sword |    18 |     8 ||    26

Table legend:
 A = Non-vault XP
 B = Vault XP
 C = Vault XP percentage of total XP
 D = Non-vault monster count
 E = Vault monster count
 F = Vault count percentage of total count
                 A         B        C        D         E       F
            +---------+---------+-------+---------+---------+-------
      Total |     172 |      14 |   7.5 |      56 |       1 |   1.8
            +---------+---------+-------+---------+---------+-------
        D:1 |      30 |       0 |   0.0 |      19 |       0 |   0.0
        D:2 |      72 |      14 |  16.3 |      28 |       1 |   3.4
        D:3 |      70 |       0 |   0.0 |       9 |       0 |   0.0
            +---------+---------+-------+---------+---------+-------
